 Dungeon Crawl Stone Soup version 0.24.0-28-g17ded55e90 (webtiles) character file.

Game seed: 3154978952259158209, levelgen mode: deterministic

1334 PentaManta the Nimble (level 8, -1/37 HPs)
             Began as a Spriggan Assassin on Nov 13, 2019.
             Was a Believer of Dithmenos.
             Slain by a crimson imp (3 damage)
             ... on level 5 of the Dungeon.
             The game lasted 00:12:11 (5679 turns).

PentaManta the Nimble (Spriggan Assassin)           Turns: 5679, Time: 00:12:12

Health: -1/37      AC:  3    Str:  7    XL:     8   Next: 35%
Magic:  9/9        EV: 27    Int: 12    God:    Dithmenos [**....]
Gold:   281        SH:  0    Dex: 20    Spells: 7/7 levels left

rFire    + . .     SeeInvis +   a - +2 dagger
rCold    . . .     Gourm    .   (shield restricted)
rNeg     . . .     Faith    .   b - +0 robe
rPois    .         Spirit   .   (helmet restricted)
rElec    .         Reflect  .   c - +0 cloak
rCorr    .         Harm     .   (gloves unavailable)
MR       +....                  (boots unavailable)
Stlth    ++++++....             (no amulet)
HPRegen  0.12/turn              k - ring of protection from fire
MPRegen  0.11/turn              (no ring)

@: wreathed by umbra, very quick
A: very small, unfitting armour, see invisible, herbivore, speed 3, slow
metabolism 2
a: Shadow Step, Renounce Religion


You were on level 5 of the Dungeon.
You worshipped Dithmenos.
Dithmenos was pleased with you.
You were very hungry.

You visited 1 branch of the dungeon, and saw 7 of its levels.

You collected 281 gold pieces.

Inventory:

Hand Weapons
 a - a +2 dagger (weapon)
Armour
 b - a +0 robe (worn)
 c - a +0 cloak (worn)
Jewellery
 k - a ring of protection from fire (left hand)
Scrolls
 g - a scroll of enchant armour {unknown}
 h - 6 scrolls of identify {unknown}
 j - 2 scrolls of remove curse {unknown}
 o - a scroll of immolation {unknown}
 p - 2 scrolls of magic mapping {unknown}
 q - a scroll of fog {unknown}
 r - a scroll of blinking {unknown}
 s - a scroll of teleportation {unknown}
 t - a scroll of fear {unknown}
 x - a scroll of enchant weapon {unknown}
Potions
 i - a potion of brilliance {unknown}
 l - a potion of heal wounds {unknown}
 m - a potion of degeneration {unknown}
 n - a potion of flight {unknown}
 u - 2 potions of curing {unknown}
 v - a potion of agility {unknown}
Comestibles
 f - 7 rations


   Skills:
 - Level 1.5 Fighting
 + Level 5.9 Short Blades
 - Level 2.0 Throwing
 * Level 10.3 Dodging
 + Level 9.8 Stealth


You had 7 spell levels left.
You didn't know any spells.
Your spell library contained the following spells:

 Spells                   Type           Power        Failure   Level  Hunger
 Confusing Touch          Hex            #.....       32%         1    ##.....
 Confuse                  Hex            #.......     69%         3    ####...
 Gell's Gravitas          Tloc           #.........   69%         3    ####...
 Petrify                  Tmut/Erth      #.......     97%         4    #####..
 Metabolic Englaciation   Hex/Ice        #.........   100%        5    ######.
 Yara's Violent Unravell  Hex/Tmut       #.........   100%        5    ######.


Dungeon Overview and Level Annotations

Branches:
Dungeon (7/15)
 Temple: D:4-7

Altars:
Dithmenos
Elyvilon
Gozag
Trog
Uskayaw
The Shining One

Annotations:
D:4 1 runed translucent door, libidonplus's ghost, novice KoHu


Innate Abilities, Weirdness & Mutations

You are very small and have problems with some larger weapons.
You are too small for most types of armour.
You have supernaturally acute eyesight. (SInv)
You are a herbivore.
You cover ground extremely quickly.
You need to consume almost no food.


Message History

You see here a +0 hand axe.
The orc shouts!
The crimson imp blinks!
You hit the orc.
The orc is heavily wounded.
The orc hits you.
* * * LOW HITPOINT WARNING * * *
The orc completely misses you. The orc completely misses you.
The crimson imp hits you.
* * * LOW HITPOINT WARNING * * *
The orc hits you.
* * * LOW HITPOINT WARNING * * *
The crimson imp misses you. The orc completely misses you.
The crimson imp completely misses you. The orc completely misses you.
The crimson imp misses you. The orc completely misses you.
The crimson imp completely misses you. The orc misses you.
The crimson imp completely misses you. The orc closely misses you.
The crimson imp hits you.
You die...

......................#.#....
...........##.......<.#.......
..........##.........####.....
.............#.......###....
.......###..##..#........ ..
#....)## #.##.###.......
#..).)### #.##).#)...##
#.......###..#.)...###
...............5@.##
................o##
....##.........#....#
...###.........##..... #..#
#.###
..(.#..........###.....#..#
#...
..........).....#####$.##.##...
#...#......###.†##.###.#..#.#.#
# ##..##...###
#.).......##...#.##. ##......##
#.........#.........


You could see a crimson imp and an orc.

Vanquished Creatures
  Eustachio (D:5)
  3 orc warriors (D:5)
  2 ogres (D:4)
  2 gnoll sergeants (D:5)
  A scorpion (D:4)
  A crimson imp (D:5)
  3 bullfrog zombies (D:4)
  2 bullfrog skeletons (D:4)
  2 centaur skeletons
  An orc wizard (D:3)
  Jessica (D:3)
  2 worker ants (D:4)
  2 hound zombies (D:4)
  2 hound skeletons
  4 worker ant zombies (D:4)
  4 adders
  4 worms
  4 leopard geckos
  7 orcs
  2 giant cockroaches
  7 goblins
  12 hobgoblins
  4 jackals (D:5)
  10 kobolds
  5 quokkas
  7 bats (D:1)
  4 frilled lizards
  A leopard gecko skeleton (D:4)
  A leopard gecko zombie (D:4)
  A quokka skeleton (D:4)
  A quokka zombie (D:5)
  5 rats
108 creatures vanquished.

Notes
Turn   | Place    | Note
-------+----------+-------------------------------------------
     0 | D:1      | PentaManta the Spriggan Assassin began the quest for the
                  | Orb.
     0 | D:1      | Reached XP level 1. HP: 10/10 MP: 2/2
    46 | D:1      | Reached skill level 2 in Dodging
    86 | D:1      | Reached XP level 2. HP: 13/14 MP: 3/3
   244 | D:1      | Reached skill level 3 in Dodging
   793 | D:1      | Reached XP level 3. HP: 18/18 MP: 4/4
   973 | D:1      | Found a glowing golden altar of the Shining One.
  1241 | D:2      | Found a shadowy altar of Dithmenos.
  1257 | D:2      | Reached skill level 4 in Dodging
  1288 | D:2      | Became a worshipper of Dithmenos the Shadowed
  1314 | D:2      | Noticed a +0 hand axe
  1314 | D:2      | Noticed a +0 dagger
  1317 | D:2      | Found a hide-covered altar of Uskayaw.
  1376 | D:2      | Found an opulent altar of Gozag.
  1440 | D:2      | Reached XP level 4. HP: 22/22 MP: 5/5
  1577 | D:2      | Found a white marble altar of Elyvilon.
  2333 | D:3      | Noticed Jessica
  2344 | D:3      | Killed Jessica
  2344 | D:3      | Reached skill level 5 in Dodging
  2984 | D:3      | Reached XP level 5. HP: 3/25 MP: 6/6
  3586 | D:4      | Reached * piety under Dithmenos
  3680 | D:4      | Reached skill level 6 in Dodging
  3694 | D:4      | Reached XP level 6. HP: 22/30 MP: 7/7
  3747 | D:4      | Noticed libidonplus's ghost (novice KoHu)
  3772 | D:4      | Found a runed translucent door.
  3812 | D:4      | You fall into a shaft and drop 3 floors!
  3851 | D:5      | Entered Level 5 of the Dungeon
  3974 | D:4      | Reached skill level 7 in Dodging
  4129 | D:4      | Reached XP level 7. HP: 20/33 MP: 8/8
  4574 | D:4      | Found a bloodstained altar of Trog.
  4849 | D:4      | Reached skill level 8 in Dodging
  5348 | D:5      | Reached skill level 5 in Short Blades
  5423 | D:5      | Noticed Eustachio
  5473 | D:5      | Reached skill level 9 in Dodging
  5546 | D:5      | Reached XP level 8. HP: 28/37 MP: 9/9
  5574 | D:5      | Killed Eustachio
  5574 | D:5      | Reached ** piety under Dithmenos
  5574 | D:5      | Reached skill level 10 in Dodging
  5679 | D:5      | Slain by a crimson imp

Levels and vault maps discovered:
D:1:      beargit_arrival_greenhouse, layout_basic, tso_altar
D:2:      layout_basic, grunt_dithmenos_smoke_and_mirrors,
          dancing_weapons_uskayaw, lemuel_coloured_pillars_altar,
          grunt_ministairs_12, grunt_gozag_statues
D:3:      layout_basic, uniq_jessica
D:4:      layout_layer_cave, lemuel_round_altar, hellmonk_ghost_happy_afterlife,
          serial_undead, serial_undead_d, serial_undead_a, serial_undead_c,
          serial_undead_f, first_ration
D:5:      layout_cave_pools, lemuel_round_altar, kennysheep_mini,
          ebering_ghost_sewer_d, sword_in_stone
D:6:      layout_loops_cross, minmay_temple_entry_sparse_star, serial_shops,
          shop_fountains, shop_statue, shop
D:7:      minmay_the_grid_triangle_9x9_recursive_2
          [minmay_the_grid_triangle_9x9_prize_insulated,
          minmay_the_grid_triangle_9x9_wacky_v,
          minmay_the_grid_triangle_9x9_dagger,
          minmay_the_grid_triangle_9x9_cache], layout_loops_ring, basic_altar,
          hangedman_decor_opposing

Skill      XL: |  1  2  3  4  5  6  7  8 |
---------------+-------------------------+-----
Dodging        | 2 3 4 5 6 7 9 10 | 10.3
Stealth        | 6 7 8 9 |  9.8
Short Blades   | 3 4 5 |  5.9
Fighting       | |  1.5
Throwing       | |  2.0

Action                   |  1- 3 |  4- 6 |  7- 9 || total
-------------------------+-------+-------+-------++-------
Melee: Dagger            |   128 |   319 |   139 ||   586
Throw: Dart              |     1 |     5 |    27 ||    33
Evoke: Wand              |       |       |    10 ||    10
 Stab: Sleeping          |    11 |     9 |     4 ||    24
       Distracted        |     1 |       |     3 ||     4
  Eat: Ration            |       |       |     1 ||     1
Armor: Robe              |    14 |    19 |     9 ||    42
Dodge: Dodged            |    89 |   277 |   151 ||   517
